 Dungeon Crawl Stone Soup version 0.28-a0-1629-gf728b707aa (webtiles) character file.

Game seed: 4473110844731154037

574 funkygono the Firebug (level 7, -3/36 HPs)
             Began as a Gargoyle Fire Elementalist on Jan 24, 2022.
             Was an Initiate of Vehumet.
             Slain by Duvessa (9 damage)
             ... on level 4 of the Dungeon.
             The game lasted 00:06:48 (4695 turns).

funkygono the Firebug (Gargoyle Fire Elementalist)  Turns: 4695, Time: 00:06:49

Health: -3/36      AC:  9    Str: 12    XL:     7   Next: 35%
Magic:  1/13       EV: 27    Int: 23    God:    Vehumet [......]
Gold:   100        SH:  0    Dex: 10    Spells: 4/14 levels left

rFire   . . .      SeeInvis .   k - +0 whip (pain)
rCold   . . .      Faith    .   (no shield)
rNeg    + . .      Spirit   .   g - +1 robe {Will+}
rPois   ∞          Reflect  .   (no helmet)
rElec   +          Harm     .   l - +0 cloak
rCorr   .          Rampage  .   (no gloves)
Will    +....                   m - +0 pair of boots
Stlth   ++........              d - amulet of the acrobat
HPRegen 0.12/turn               b - +6 ring of intelligence
MPRegen 0.13/turn               (no ring)

@: acrobatic
A: sickness immunity, AC +4, negative energy resistance 1, electricity
resistance, torment resistance 1, petrification resistance
a: Renounce Religion


You were on level 4 of the Dungeon.
You worshipped Vehumet.
Vehumet was noncommittal.
You visited 2 branches of the dungeon, and saw 5 of its levels.

You collected 155 gold pieces.
You spent 55 gold pieces at shops.

Inventory:

Hand Weapons
 c - a +0 whip
 k - a +0 whip of pain (weapon)
 o - the +5 long sword of Xiawnoq {drain, Will+ Str+5 Stlth-}
   (You found it on level 4 of the Dungeon)

   A truly terrible weapon, it drains the life of any living foe it strikes.
   Str:       It affects your strength (+5).
   Will:      It increases your willpower.
   Stlth:     It makes you less stealthy.
Missiles
 e - 110 stones
Armour
 g - a +1 robe of willpower (worn)
 l - a +0 cloak (worn)
 m - a +0 pair of boots (worn)
Jewellery
 b - a +6 ring of intelligence (left hand)
 d - an amulet of the acrobat (around neck)
Scrolls
 h - a scroll of teleportation {unknown}
 i - a scroll of identify
 n - 2 scrolls of magic mapping
Potions
 a - a potion of haste
 f - a potion of heal wounds
 j - 3 potions of curing


   Skills:
 + Level 0.2 Maces & Flails
 + Level 1.8 Dodging
 - Level 2.1 Stealth
 * Level 4.4 Spellcasting
 * Level 3.5 Conjurations
 * Level 5.9 Fire Magic


You had 4 spell levels left.
You knew the following spells:

 Your Spells              Type           Power      Damage    Failure   Level
a - Foxfire               Conj/Fire      100%       2x1d9     1%          1
b - Scorch                Fire           64%        2d8       1%          2
c - Conjure Flame         Conj/Fire      26%        6-21      4%          3
d - Flame Wave            Conj/Fire      26%        2d7       14%         4

Your spell library contained the following spells:

 Spells                   Type           Power      Damage    Failure   Level
 Inner Flame              Hex/Fire       18%        N/A       9%          3


Dungeon Overview and Level Annotations

Branches:
Dungeon (4/15)             Temple (1/1) D:4

Altars:
Ashenzari
Cheibriados
Dithmenos
Elyvilon
Fedhas
Gozag
Kikubaaqudgha
Makhleb
Nemelex Xobeh
Okawaru
Qazlal
Ru
Sif Muna
Trog
Uskayaw
Vehumet
Wu Jian
Xom
Yredelemnul
Zin
The Shining One

Shops:
D:3 =   D:4 !

Annotations:
D:4 Duvessa


Innate Abilities, Weirdness & Mutations

You are immune to sickness and miasma.
Your stone body is resilient. (AC +4)
You are immune to poison.
You resist negative energy. (rN+)
You are resistant to electric shocks. (rElec)
You are resistant to unholy torment.
You are immune to petrification.


Message History

The foxfire hits Duvessa!
Duvessa is burned terribly!
Duvessa is almost dead.
Duvessa hits you with a +0 rapier!
Casting: Scorch (safe; 1% risk of failure)
Confirm with . or Enter, or press ? or * to list all spells.
You miscast Foxfire.
You are very lightly contaminated with residual magic.
Nothing appears to happen.
Duvessa hits you with a +0 rapier. x2
Casting: Foxfire (safe; 1% risk of failure)
Confirm with . or Enter, or press ? or * to list all spells.
You don't have enough magic to cast this spell.
Unknown command.
You hit Duvessa but do no damage.
Duvessa is almost dead.
Duvessa barely misses you.
You feel much better. Duvessa barely misses you.
Duvessa hits you with a +0 rapier.
You closely miss Duvessa.
Duvessa is almost dead.
Duvessa hits you with a +0 rapier.
You barely miss Duvessa.
Duvessa is almost dead.
Duvessa is no longer more vulnerable to fire.
Duvessa hits you with a +0 rapier!
* * * LOW HITPOINT WARNING * * *
Duvessa hits you with a +0 rapier.
* * * LOW HITPOINT WARNING * * *
Duvessa completely misses you.
Your magical contamination has completely faded away.
Casting: Foxfire (safe; 1% risk of failure)
Confirm with . or Enter, or press ? or * to list all spells.
You conjure some foxfire!
Duvessa closely misses you. x2
The foxfire hits Duvessa.
Duvessa is almost dead.
The foxfire hits Duvessa.
Duvessa is almost dead.
Duvessa rages.
Duvessa closely misses you. Duvessa hits you with a +0 rapier!
You die...

###....#####............##+
#.....###8.8.8.............
#####.# #.⌠.⌠.....)........
#.##)# #8.∩.8......)......
######....###.⌠.⌠..............
#......####..8.8.8...########..
#.#..###.............# #+#
#.#..##..............#
###.#..##.......@e.....#
....#..##..............#
.#..#..##..............#
.#..#..##....###########
.#..#...'....# .#..##.##....#
.#.....##....# ........#..).#
........###.##


You could see Duvessa (berserk, fast).

Vanquished Creatures
  Sigmund (D:3)
  A centaur (D:3)
  Blork the orc (D:4)
  A bullfrog (D:4)
  Dowan (D:4)
  9 gnolls
  2 adders
  3 dart slugs
  2 orcs (D:3)
  4 endoplasms
  2 giant cockroaches
  4 hobgoblins
  2 jackals (D:1)
  2 quokkas
  8 ball pythons
  4 bats
  3 frilled lizards
  4 goblins
  6 kobolds
  2 quokka skeletons
  7 rats
69 creatures vanquished.

Vanquished Creatures (others)
  204 foxfires
204 creatures vanquished.

Grand Total: 273 creatures vanquished

Notes
Turn   | Place    | Note
-------+----------+-------------------------------------------
     0 | D:1      | funkygono the Gargoyle Fire Elementalist began the quest
                  | for the Orb.
     0 | D:1      | Reached XP level 1. HP: 10/10 MP: 3/3
   234 | D:1      | Reached XP level 2. HP: 10/15 MP: 0/5
   237 | D:1      | Learned a level 2 spell: Scorch
   506 | D:1      | Reached XP level 3. HP: 19/19 MP: 4/6
   510 | D:1      | Learned a level 3 spell: Conjure Flame
  2135 | D:2      | Reached skill level 4 in Fire Magic
  2326 | D:2      | Identified a scroll of acquirement
  2326 | D:2      | Acquired a +6 ring of intelligence
  2535 | D:3      | Reached XP level 4. HP: 24/24 MP: 2/7
  2595 | D:3      | Noticed a centaur
  2607 | D:3      | Killed a centaur
  2608 | D:3      | Reached XP level 5. HP: 12/28 MP: 2/9
  2786 | D:3      | Learned a level 4 spell: Flame Wave
  2862 | D:3      | Found Locydurih's Jewellery Shop.
  3104 | D:3      | Noticed Sigmund
  3184 | D:3      | Killed Sigmund
  3185 | D:3      | Reached skill level 5 in Fire Magic
  3185 | D:3      | Reached XP level 6. HP: 32/32 MP: 3/11
  3437 | D:4      | Noticed Duvessa
  3437 | D:4      | Noticed Dowan
  3564 | D:4      | Found a staircase to the Ecumenical Temple.
  3573 | Temple   | Entered the Ecumenical Temple
  3599 | Temple   | Became a worshipper of Vehumet
  4058 | D:4      | Noticed Blork the orc
  4066 | D:4      | Killed Blork the orc
  4067 | D:4      | Reached XP level 7. HP: 34/36 MP: 4/13
  4602 | D:4      | Identified the +5 long sword of Xiawnoq {drain, Will+ Str+5
                  | Stlth-}
  4611 | D:4      | Found Iroeph's Distillery.
  4619 | D:4      | Bought a potion of heal wounds for 55 gold pieces
  4676 | D:4      | Killed Dowan
  4695 | D:4      | Slain by Duvessa

Illustrated notes

Levels and vault maps discovered:
D:1:      mainiacjoe_arrival_reflecting_pool, layout_basic, serial_corexii_hall,
          corexii_hall_statues_t, chequers_hall_statues_wall_a,
          corexii_hall_statues_l, corexii_hall_statues_deadend
D:2:      layout_loops_corners
D:3:      layout_rooms, serial_shops, shop, minmay_misc_feat_more_columns,
          uniq_sigmund
D:4:      layout_basic, kennysheep_mini, minmay_temple_entry_poolview,
          serial_shops, nicolae_shop_temple_entry_statues_fountains,
          uniq_duvessa, uniq_blork_the_orc
Temple:   nicolae_temple_the_god_donut

Skill      XL: |  1  2  3  4  5  6 |
---------------+-------------------+-----
Fire Magic     | 4 5 |  5.9
Spellcasting   | 3 4 |  4.4
Conjurations   | 2 3 |  3.5
Maces & Flails | |  0.2
Dodging        | |  1.8
Stealth        | |  2.1

Action                   |  1- 3 |  4- 6 |  7- 9 || total
-------------------------+-------+-------+-------++-------
Melee: Whip              |     1 |    11 |    13 ||    25
 Cast: Foxfire           |    56 |    45 |    19 ||   120
       Scorch            |    10 |    13 |     9 ||    32
       Conjure Flame     |       |     1 |       ||     1
  Use: Scroll            |     7 |     1 |       ||     8
       Potion            |       |       |     1 ||     1
Armor: Robe              |     5 |     3 |     6 ||    14
Dodge: Dodged            |     6 |    10 |    28 ||    44

Table legend: (Time is in decaauts)
 A = Elapsed time spent in this place.
 B = Non-inter-level travel time spent in this place.
 C = Inter-level travel time spent in this place.
 D = Time resting spent in this place.
 E = Time spent auto-exploring this place.
 F = Levels seen in this place.
 G = Mean time per level.
                   A        B        C        D        E       F      G
               +--------+--------+--------+--------+--------+-----+--------+
         Total |   4698 |   4616 |     82 |    297 |   3639 |   5 |  939.6 |
       Dungeon |   4437 |   4365 |     72 |    297 |   3411 |   4 | 1109.2 |
        Temple |    260 |    251 |      9 |      0 |    228 |   1 |  260.0 |
               +--------+--------+--------+--------+--------+-----+--------+

Top non-repeatable levels by time:
     D:3: 1292 daAuts
     D:2: 1219 daAuts
     D:1: 1192 daAuts
     D:4: 733 daAuts
  Temple: 260 daAuts
